 Dungeon Crawl Stone Soup version 0.23.2-33-g5129a83184 (webtiles) character file.

Game seed: 10102048533682620293

184 MasterGL1 the Skirmisher (level 5, -5/47 HPs)
             Began as a Minotaur Berserker on July 19, 2019.
             Was a Believer of Trog.
             Slain by an ogre
             ... wielding a +0 giant spiked club
              (16 damage)
             ... on level 4 of the Dungeon.
             The game lasted 00:14:14 (2042 turns).

MasterGL1 the Skirmisher (Minotaur Berserker)       Turns: 2042, Time: 00:14:15

Health: -5/47      AC:  9    Str: 22    XL:     5   Next: 36%
Magic:  4/4        EV:  9    Int:  4    God:    Trog [**....]
Gold:   58         SH:  0    Dex: 10    Spells: 4/4 levels left

rFire    . . .     SeeInvis .   s - +0 trident
rCold    . . .     Gourm    .   (no shield)
rNeg     . . .     Faith    .   t - +0 chain mail
rPois    .         Spirit   .   (helmet restricted)
rElec    .         Reflect  .   (no cloak)
rCorr    .         Harm     .   (no gloves)
MR       .....                  (no boots)
Stlth    ..........             (no amulet)
HPRegen  0.15/turn              (no ring)
MPRegen  0.09/turn              (no ring)

@: no status effects
A: retaliatory headbutt, horns 2
a: Berserk, Trog's Hand, Renounce Religion


You were on level 4 of the Dungeon.
You worshipped Trog.
Trog was pleased with you.
You were not hungry.

You visited 1 branch of the dungeon, and saw 4 of its levels.

You collected 58 gold pieces.

Inventory:

Hand Weapons
 a - a +0 short sword
 h - a +0 hunting sling
 i - a +0 whip
 j - a +0 club
 l - a +0 hand axe
 s - a +0 trident (weapon)
Missiles
 m - 23 sling bullets
 p - 29 stones (quivered)
Armour
 b - a +0 animal skin
 d - a +0 ring mail
 t - a +0 chain mail (worn)
Scrolls
 g - 2 scrolls of identify
 n - 2 scrolls of remove curse {unknown}
 o - a scroll of noise {unknown}
 q - a scroll of random uselessness {unknown}
Potions
 e - 2 potions of agility
Comestibles
 c - 2 rations


   Skills:
 + Level 4.4 Fighting
 + Level 4.3 Short Blades
 + Level 0.6(2.1) Axes
 + Level 3.2(3.3) Polearms
 + Level 3.3 Armour
 + Level 2.8 Dodging
 + Level 0.2 Stealth


You had 4 spell levels left.
You didn't know any spells.
Your spell library was empty.

Dungeon Overview and Level Annotations

Branches:
Dungeon (4/15)
 Temple: D:4-7

Altars:
Dithmenos
Elyvilon
Zin


Innate Abilities, Weirdness & Mutations

You reflexively headbutt those who attack you in melee.
You have a pair of horns on your head.


Message History

You hit the centaur skeleton. You headbutt the centaur skeleton.
The centaur skeleton is lightly damaged.
The centaur skeleton hits you but does no damage. x2
An ogre comes into view. It is wielding a +0 giant spiked club.
The ogre shouts!
You hit the centaur skeleton.
The centaur skeleton is moderately damaged.
The centaur skeleton closely misses you.
You furiously retaliate!
You headbutt the centaur skeleton!
The centaur skeleton hits you but does no damage.
You puncture the centaur skeleton! You headbutt the centaur skeleton.
You destroy the centaur skeleton!
Trog accepts your kill.
Your Polearms skill increases to level 3!
An ogre is nearby!
A worker ant comes into view.
You barely miss the ogre. You headbutt the ogre!
The ogre is moderately wounded.
The ogre hits you with a +0 giant spiked club!
You die...

#...,,,...##*******,**,****,,
#...#####..# *,**,,,,,,*
#..##._.##.# **,*******,*
*#..##'##..# *,,**,,,,,,*
#.a.......# *,***,****,*
###.8....a8.# **,***,* *,*
####.....8.8...# **,,.**,* **,*
.............#.#####....,*,***,,,
.###.#.#...###.O@.......,,,**,,*,
,* #_#.#.......#####....,,,,,,***
,* #.#.#.#.##### **,,.*,***,,,,
,* #.#.....# **,**,* **,** ,*
#.###.### *,**,****,** ,* #.# #.#
*,**,**,,,** ,* #.###.######
****,**,*,,*,,* ,**#......<...#
**,,,,**,*,***,*
,,,###.###.##.#***,,,,,**,*,,*,,*


You could see an ogre and a worker ant.

Vanquished Creatures
  A howler monkey (D:4)
  A centaur skeleton (D:4)
  An orc wizard (D:3)
  Terence (D:2)
  Robin (D:2)
  A worm (D:2)
  3 dart slugs
  3 orcs (D:3)
  2 ball pythons
  A bat (D:2)
  2 giant cockroaches
  11 goblins (D:2)
  5 hobgoblins
  2 jackals (D:4)
  2 kobolds
  A quokka (D:2)
  3 frilled lizards
  A rat (D:3)
  A plant (D:1)
43 creatures vanquished.

Notes
Turn   | Place    | Note
-------+----------+-------------------------------------------
     0 | D:1      | MasterGL1 the Minotaur Berserker began the quest for the
                  | Orb.
     0 | D:1      | Reached XP level 1. HP: 19/19 MP: 0/0
   443 | D:1      | Reached XP level 2. HP: 27/27 MP: 1/1
   905 | D:2      | Noticed Terence
   920 | D:2      | Killed Terence
   920 | D:2      | Reached XP level 3. HP: 26/33 MP: 2/2
  1019 | D:2      | Noticed Robin
  1036 | D:2      | Killed Robin
  1043 | D:2      | Reached XP level 4. HP: 11/41 MP: 3/3
  1816 | D:3      | Reached ** piety under Trog
  1885 | D:3      | Found a white marble altar of Elyvilon.
  1951 | D:3      | Reached skill level 1 in Polearms
  1983 | D:4      | Found a shadowy altar of Dithmenos.
  2002 | D:4      | Found a glowing silver altar of Zin.
  2028 | D:4      | Reached XP level 5. HP: 12/47 MP: 4/4
  2031 | D:4      | Noticed an ogre
  2042 | D:4      | Slain by an ogre

Skill      XL: |  1  2  3  4  5 |
---------------+----------------+-----
Fighting       | 4 |  4.4
Short Blades   | 4 |  4.3
Armour         | 3 |  3.3
Polearms       | 2 3 |  3.2
Axes           | |  0.6
Dodging        | |  2.8
Stealth        | |  0.2

Action                   |  1- 3 |  4- 6 || total
-------------------------+-------+-------++-------
Melee: Short sword       |    56 |       ||    56
       Headbutt          |    16 |     8 ||    24
       Hand axe          |    16 |       ||    16
       Trident           |    30 |    45 ||    75
  Use: Scroll            |     2 |     1 ||     3
       Potion            |     1 |     5 ||     6
  Eat: Ration            |       |     1 ||     1
Armor: Ring mail         |    13 |       ||    13
       Animal skin       |     1 |       ||     1
       Chain mail        |    32 |    36 ||    68
Dodge: Dodged            |    49 |    31 ||    80
